 Dungeon Crawl Stone Soup version 0.31-a0-177-g4aa6249778 (webtiles) character file.

Game seed: 5294957336374383075

168 qw the Chopper (level 5, 0/28 HPs)
             Began as a Gargoyle Fighter on June 18, 2023.
             Slain by an orc wizard
             ... wielding a +0 dagger
              (4 damage)
             ... on level 3 of the Dungeon.
             The game lasted 00:01:12 (2237 turns).

qw the Chopper (Gargoyle Fighter)                   Turns: 2237, Time: 00:01:12

Health: 0/28       AC: 17    Str: 21    XL:     5   Next: 48%
Magic:  5/5        EV:  5    Int:  7    God:
Gold:   95         SH:  0    Dex:  9    Spells: 4/4 levels left

rFire   . . .        Y - +1 war axe
rCold   . . .        c - +0 buckler
rNeg    + . .        f - +0 plate armour
rPois   inf          (no helmet)
rElec   +            (no cloak)
rCorr   .            g - +0 pair of gloves
SInv    .            m - +0 pair of boots
Will    .....        (no amulet) Stlth
                     (no ring)
HPRegen 0.24/turn    (no ring)
MPRegen 0.09/turn

%: no passive effects
@: confused, unable to read
A: sickness immunity, AC +4, negative energy resistance 1, electricity
resistance, torment resistance 1, petrification resistance, dopey 1, frail 1,
inability to read after injury 1
a: no special abilities


You were on level 3 of the Dungeon.
You visited 1 branch of the dungeon, and saw 3 of its levels.

You collected 95 gold pieces.


Innate Abilities, Weirdness & Mutations

You are immune to sickness and miasma.
Your stone body is resilient. (AC +4)
You are immune to poison.
You resist negative energy. (rN+)
You are resistant to electric shocks. (rElec)
You are resistant to unholy torment.
You are immune to petrification.
You are dopey. (Int -2)
You are frail. (-10% HP)
You occasionally lose the ability to read scrolls when taking damage.


   Skills:
 - Level 3.2 Fighting
 + Level 4.8 Axes
 - Level 1.0 Throwing
 - Level 3.2 Armour
 - Level 3.2 Shields


You had 4 spell levels left.
You didn't know any spells.
Your spell library was empty.

Inventory:

Hand Weapons
 i - a +0 whip
 Y - a +1 war axe (weapon)
Armour
 c - a +0 buckler (worn)
 f - a +0 plate armour (worn)
 g - a +0 pair of gloves (worn)
 m - a +0 pair of boots (worn)
Scrolls
 a - 2 scrolls of identify
Potions
 d - a potion of might
 k - a potion of attraction

Dungeon Overview and Level Annotations

Branches:
Dungeon (3/15)

Altars:


Message History

The hobgoblin hits you but does no damage.
An orc comes into view. It is wielding a +0 flail.
You barely miss the hobgoblin.
The hobgoblin is severely wounded.
You miss something.
The orc shouts!
An orc wizard appears from thin air!
Reactivating autopickup.
The orc wizard hits you but does no damage.
You block the hobgoblin's attack.
You closely miss the orc wizard.
The orc wizard is almost dead.
You slash the hobgoblin!
You kill the hobgoblin!
The orc wizard barely misses you. The adder barely misses you.
You closely miss the orc wizard.
The orc wizard is almost dead.
You hit the adder. The orc wizard casts a spell at you.
The magic dart hits you but does no damage.
The adder bites you but does no damage. You block the orc wizard's attack.
The adder bites you but does no damage.
You miss the orc wizard.
The orc wizard is almost dead.
You closely miss the adder. You block the adder's attack.
The orc wizard points at you and mumbles some strange words.
You are confused.
The adder bites you but does no damage.
The orc wizard hits you but does no damage.
The orc priest looks braver for a moment.
The adder bites you but does no damage.
The orc wizard hits you but does no damage.
The adder bites you but does no damage. The adder barely misses you.
The orc wizard hits you but does no damage.
The adder bites you but does no damage.
The orc wizard hits you with a +0 dagger.
You feel threatened and lose the ability to read scrolls!
You die...

#. #. #. #. #. #o
######S#################
......o@......#........#
...###)######.#.######.#
#. #.#.#....#.# ..
#.#.#.#..... ...
#.#.#.####.# ....
#.#......#.# #.##.
#.###.##.#.# #. #.
#.#......#.#
#.#.#.......


You could see an orc wizard, an adder and an orc.

Vanquished Creatures
  An orc priest (D:3)
  4 adders (D:2)
  2 worms (D:2)
  A dart slug (D:1)
  7 orcs (D:3)
  8 endoplasms
  2 giant cockroaches
  9 goblins
  6 hobgoblins
  13 jackals
  9 kobolds
  2 quokkas
  5 ball pythons
  5 bats
  3 frilled lizards
  2 rats
79 creatures vanquished.

Notes
Turn   | Place    | Note
-------+----------+-------------------------------------------
     0 | D:1      | qw the Gargoyle Fighter began the quest for the Orb.
     0 | D:1      | Reached XP level 1. HP: 14/14 MP: 1/1
     0 | D:1      | 0 ||| qw: Version: 0.3-a-7-ge0c9b40
     0 | D:1      | 0 ||| qw: Game counter: 825
     0 | D:1      | 0 ||| qw: Always use a shield: true
     0 | D:1      | 0 ||| qw: God list: Okawaru
     0 | D:1      | 0 ||| qw: Allow faded altars: false
     0 | D:1      | 0 ||| qw: Do Orc after D:15 true
     0 | D:1      | 0 ||| qw: Do second Lair branch before Depths: true
     0 | D:1      | 0 ||| qw: Lair rune preference: random
     0 | D:1      | 0 ||| qw: Plans: Normal, Zot:1-4, Slime:5, God:TSO, Crypt,
                  | Tomb, Abyss, Pan, Hells, Win
     0 | D:1      | 0 ||| PLANNING D:1-11
    31 | D:1      | Reached skill level 2 in Axes
   134 | D:1      | Reached XP level 2. HP: 18/19 MP: 2/2
   253 | D:1      | 253 ||| FLEEEEING.
   254 | D:1      | 254 ||| FLEEEEING.
   335 | D:1      | 335 ||| Stepping ~*~*~tactically~*~*~ (stealth).
   369 | D:1      | 369 ||| Stepping ~*~*~tactically~*~*~ (stealth).
   370 | D:1      | 370 ||| Stepping ~*~*~tactically~*~*~ (stealth).
   403 | D:1      | 403 ||| Stepping ~*~*~tactically~*~*~ (stealth).
   411 | D:1      | Reached skill level 3 in Axes
   417 | D:1      | Reached XP level 3. HP: 20/23 MP: 3/3
   705 | D:1      | Reached skill level 1 in Throwing
   943 | D:1      | 943 ||| UPGRADING to +0 pair of boots.
   948 | D:1      | 948 ||| READING scroll labelled ACHUTIRUCA.
   949 | D:1      | 949 ||| READING scroll labelled HAFRIFUMYZ.
   964 | D:1      | 964 ||| READING scroll labelled QEDDITTOIP.
   965 | D:1      | 965 ||| READING scroll labelled USOFIUR ZUIHATOO.
   966 | D:1      | 966 ||| READING scroll labelled ZOURHU NIWIW.
   967 | D:1      | 967 ||| DRINKING 2 fizzy brown potions.
   967 | D:1      | Gained mutation: Your body sometimes deteriorates upon
                  | taking damage. [potion of mutation]
   967 | D:1      | Gained mutation: You have very sharp teeth. [potion of
                  | mutation]
   967 | D:1      | Gained mutation: You sometimes lose your temper in combat.
                  | [potion of mutation]
   968 | D:1      | 968 ||| DRINKING potion of mutation.
   968 | D:1      | Lost mutation: Your body sometimes deteriorates upon taking
                  | damage. [potion of mutation]
   968 | D:1      | Lost mutation: You sometimes lose your temper in combat.
                  | [potion of mutation]
   968 | D:1      | Lost mutation: You have very sharp teeth. [potion of
                  | mutation]
   968 | D:1      | Gained mutation: You have hidden genetic defects. [potion
                  | of mutation]
   968 | D:1      | Gained mutation: You are dopey. (Int -2) [potion of
                  | mutation]
  1113 | D:2      | Reached XP level 4. HP: 28/28 MP: 4/4
  1124 | D:2      | Gained mutation: You are frail. (-10% HP) [hidden defects]
  1162 | D:2      | 1162 ||| Stepping ~*~*~tactically~*~*~ (stealth).
  1166 | D:2      | 1166 ||| Stepping ~*~*~tactically~*~*~ (stealth).
  1234 | D:2      | 1234 ||| Stepping ~*~*~tactically~*~*~ (hiding).
  1235 | D:2      | 1235 ||| Stepping ~*~*~tactically~*~*~ (hiding).
  1300 | D:2      | Found a faded altar of an unknown god.
  1433 | D:2      | Gained mutation: You occasionally lose the ability to read
                  | scrolls when taking damage. [hidden defects]
  1433 | D:2      | Lost mutation: You have hidden genetic defects. [hidden
                  | defects expressed]
  1480 | D:2      | 1480 ||| Stepping ~*~*~tactically~*~*~ (stealth).
  1496 | D:2      | Reached skill level 4 in Axes
  1501 | D:2      | 1501 ||| Stepping ~*~*~tactically~*~*~ (stealth).
  1547 | D:2      | 1547 ||| DROPPING +0 club.
  1683 | D:2      | 1683 ||| Stepping ~*~*~tactically~*~*~ (hiding).
  1684 | D:2      | 1684 ||| Stepping ~*~*~tactically~*~*~ (hiding).
  1691 | D:2      | Reached XP level 5. HP: 28/28 MP: 5/5
  1823 | D:2      | 1823 ||| DROPPING orb of mayhem.
  1824 | D:2      | 1824 ||| UPGRADING to +0 plate armour.
  1834 | D:2      | 1834 ||| DROPPING +0 scale mail.
  1835 | D:2      | 1835 ||| UPGRADING to +0 pair of gloves.
  1840 | D:2      | 1840 ||| READING 4 scrolls of identify.
  1840 | D:2      | 1840 ||| IDENTIFYING sapphire potion
  1841 | D:2      | 1841 ||| READING 3 scrolls of identify.
  1841 | D:2      | 1841 ||| IDENTIFYING bubbling silvery potion
  2042 | D:2      | 2042 ||| Stepping randomly (stuck).
  2207 | D:3      | HP: 7/28 [something/puff of flame (3)]
  2208 | D:3      | 2208 ||| DRINKING potion of heal wounds.
  2221 | D:3      | HP: 5/28 [orc/+0 flail (5)]
  2228 | D:3      | HP: 4/28 [something (2)]
  2237 | D:3      | Slain by an orc wizard

Levels and vault maps discovered:
D:1:      dpeg_arrival_pits, layout_basic, minmay_tall_x
D:2:      layout_basic, nicolae_ecumenical_oubliette
D:3:      layout_basic, chequers_temple_overflow_minitemple

Skill      XL: |  1  2  3  4 |
---------------+-------------+-----
Axes           | 2 3 4 |  4.8
Throwing       | 1 |  1.0
Fighting       | |  3.2
Armour         | |  3.2
Shields        | |  3.2

Action                     |  1- 3 |  4- 6 || total
---------------------------+-------+-------++-------
  Melee: War axe           |   101 |   101 ||   202
  Throw: Javelin           |    23 |     5 ||    28
    Use: Scroll            |     5 |     2 ||     7
         Potion            |     2 |     1 ||     3
 Armour: Scale mail        |    76 |    46 ||   122
         Plate armour      |       |    64 ||    64
  Dodge: Dodged            |    65 |    50 ||   115
  Block: Buckler           |    28 |    23 ||    51

Table legend:
 A = Non-vault XP
 B = Vault XP
 C = Vault XP percentage of total XP
 D = Non-vault monster count
 E = Vault monster count
 F = Vault count percentage of total count
                 A         B        C        D         E       F
            +---------+---------+-------+---------+---------+-------
      Total |     233 |       7 |   2.9 |      75 |       4 |   5.1
            +---------+---------+-------+---------+---------+-------
        D:1 |      64 |       7 |   9.9 |      35 |       4 |  10.3
        D:2 |      94 |       0 |   0.0 |      24 |       0 |   0.0
        D:3 |      75 |       0 |   0.0 |      16 |       0 |   0.0
            +---------+---------+-------+---------+---------+-------
